AoeStats
← Yaumy

MegaRandom

507567834Analyzed
2v2 RM · 14d ago on Sep 18, 2026· 41m 23s· 4 players
Game mode
Random Map
Map size
Medium (4 player)
Population
200
Speed
Normal
Resources
Standard
Victory
Conquest
Starting age
Dark Age
Ending age
Imperial Age
RankedLock teamsTeams togetherTeam positionsShared explorationLock speedFull tech treeHidden civsTurbo modeCheats
Victory
Defeat
🇹🇷 Franks · Türkiye
1503
+18
🇹🇷 Celts · Türkiye
1497
+18
🇫🇷 Bulgarians · France
1550
-18
🇫🇷 Romans · France
1550
-18
ayz1912
8:49 Loom
12:17 Feudal Age
12:46 Double-Bit Axe
17:06 Castle Age
16:26 Scale Mail Armor
16:34 Scale Barding Armor
16:40 Forging
19:19 Wheelbarrow
19:08 Bow Saw
19:45 Gold Mining
22:08 Chain Barding Armor
23:05 Hand Cart
27:40 Gold Shaft Mining
30:49 Iron Casting
36:18 Fletching
40:14 Imperial Age
37:58 Husbandry
40:14 Cavalier
41:31 Plate Barding Armor
41:28 Medium Warships
Smoke Monkey.Mua
10:54 Feudal Age
12:21 Double-Bit Axe
12:05 Man-at-Arms
13:00 Loom
16:28 Wheelbarrow
20:21 Castle Age
18:16 Horse Collar
19:01 Fletching
20:25 Crossbowman
22:49 Medium Warships
23:20 Bodkin Arrow
23:31 Fishing Lines
25:12 Town Watch
26:37 Gillnets
28:06 Gold Mining
29:03 Bow Saw
33:06 Imperial Age
31:16 Scale Mail Armor
31:26 Forging
31:20 Arson
32:20 Heavy Plow
33:00 Pikeman
34:47 Chain Mail Armor
36:15 Hand Cart
39:25 Plate Mail Armor
39:08 Stone Mining
38:59 Halberdier
41:08 Iron Casting
WILLIAM WILTZ
11:18 Feudal Age
13:01 Loom
16:34 Castle Age
16:10 Double-Bit Axe
17:46 Horse Collar
18:40 Scale Barding Armor
19:15 Bow Saw
26:51 Gold Mining
30:26 Atonement
31:22 Heavy Plow
32:01 Wheelbarrow
32:26 Bloodlines
33:17 Chain Barding Armor
33:46 Forging
39:59 Imperial Age
39:39 Hand Cart
39:43 Fletching
40:12 Bodkin Arrow
41:07 Iron Casting
40:51 Elite Centurion
Yaumy
8:13 Loom
11:36 Feudal Age
16:04 Castle Age
14:01 Double-Bit Axe
17:03 Bow Saw
18:17 Medium Warships
19:48 Fletching
20:44 Bodkin Arrow
30:37 Ballistics
30:58 Padded Archer Armor
32:13 Bloodlines
35:06 Husbandry
35:55 Horse Collar
Connection lost

Rejoining the realm…

Still unreachable

The connection could not be restored.

Session expired

The server has moved on; the page needs a fresh start.